AoeStats
← MAOC DSW

MegaRandom

509708646Analyzed
2v2 RM · 4d ago on Sep 27, 2026· 61m 49s· 4 players
Game mode
Random Map
Map size
Medium (4 player)
Population
200
Speed
Normal
Resources
Standard
Victory
Conquest
Starting age
Dark Age
Ending age
Imperial Age
RankedLock teamsTeams togetherTeam positionsShared explorationLock speedFull tech treeHidden civsTurbo modeCheats
Victory
Defeat
🇬🇧 Goths · United Kingdom
963
+15
🇩🇪 Turks · Germany
962
+15
🇩🇴 Burgundians · Dominican Republic
960
-15
🇩🇴 Khmer · Dominican Republic
940
-15
luismuli
9:02 Fishing Lines
10:48 Loom
12:57 Feudal Age
13:56 Gillnets
19:07 Castle Age
19:31 Forging
19:12 Fletching
20:06 Double-Bit Axe
21:42 Cavalier
23:02 Bow Saw
23:51 Husbandry
24:08 Stone Mining
24:09 Gold Mining
33:36 Ballistics
36:40 Burgundian Vineyards
42:46 Imperial Age
41:49 Two-Man Saw
42:40 Scale Barding Armor
43:38 Iron Casting
43:57 Conscription
44:16 Wheelbarrow
44:03 Town Watch
46:01 Elite Coustillier
52:06 Crossbowman
54:23 Chemistry
54:19 Hand Cart
54:31 Bodkin Arrow
55:37 Blast Furnace
54:58 Chain Barding Armor
57:07 Flemish Revolution
MAOC DSW
6:01 Loom
12:03 Feudal Age
15:18 Double-Bit Axe
16:18 Scale Barding Armor
16:24 Forging
17:31 Bloodlines
17:22 Horse Collar
26:00 Castle Age
28:19 Husbandry
29:01 Chain Barding Armor
32:04 Iron Casting
34:00 Wheelbarrow
36:29 Hand Cart
37:35 Gold Mining
37:37 Stone Mining
38:54 Tusk Swords
43:08 Imperial Age
40:58 Tusk Swords
44:12 Conscription
46:01 Elite Skirmisher
48:11 Fletching
48:21 Padded Archer Armor
49:49 Bow Saw
50:29 Ballistics
52:17 Onager
53:32 Elite Battle Elephant
53:42 Elite Ballista Elephant
Lulyatt
12:10 Feudal Age
10:39 Loom
13:19 Double-Bit Axe
17:34 Castle Age
17:17 Horse Collar
19:19 Bow Saw
19:16 Scale Mail Armor
23:10 Chain Mail Armor
25:53 Wheelbarrow
26:35 Forging
28:15 Iron Casting
28:50 Squires
29:57 Hand Cart
30:17 Heavy Plow
32:22 Anarchy
32:23 Pikeman
38:59 Imperial Age
40:44 Blast Furnace
40:24 Conscription
42:13 Two-Man Saw
40:58 Halberdier
44:03 Perfusion
50:50 Elite Huskarl
joeulyatt1
5:40 Loom
12:02 Feudal Age
18:48 Castle Age
17:16 Double-Bit Axe
18:24 Horse Collar
21:32 Wheelbarrow
22:41 Bow Saw
27:13 Fletching
33:27 Gold Mining
35:56 Forging
36:33 Scale Barding Armor
36:31 Scale Mail Armor
37:55 Stone Mining
38:10 Squires
44:05 Imperial Age
43:00 Chain Mail Armor
45:09 Conscription
45:29 Elite Janissary
47:02 Iron Casting
47:22 Conscription
59:48 Blast Furnace
59:19 Plate Mail Armor
Connection lost

Rejoining the realm…

Still unreachable

The connection could not be restored.

Session expired

The server has moved on; the page needs a fresh start.